 Dungeon Crawl Stone Soup version 0.21-a0-207-g4a9efaf (webtiles) character file.

7667 aurelian the Martial Artist (level 11, -3/86 HPs)
             Began as an Octopode Transmuter on Aug 20, 2017.
             Was a Believer of Ru.
             Slain by an unseen horror (5 damage)
             ... on level 9 of the Dungeon.
             The game lasted 00:42:08 (15218 turns).

aurelian the Martial Artist (Octopode Transmuter)  Turns: 15218, Time: 00:42:09

Health: -3/86      AC:  6    Str: 10    XL:     11   Next: 18%
Magic:  15/17      EV: 12    Int: 18    God:    Ru [**....]
Gold:   557        SH:  0    Dex: 13    Spells: 7/18 levels left

rFire    x . .     SeeInvis .     - Unarmed
rCold    + + +     Gourm    .   (shield currently unavailable)
rNeg     . . .     Faith    .   (helmet currently unavailable)
rPois    +         Spirit   .   (no amulet)
rElec    .         Reflect  .   j - ring of stealth
rCorr    .         Harm     .   (no ring)
MR       .....                  (no ring)
Stlth    ++++......             (no ring)
HPRegen  0.24/turn              (no ring)
MPRegen  0.15/turn              (no ring)
                                (no ring)
                                (no ring)

@: ice-form, no potions, no scrolls
A: almost no armour, stealthy swim, amphibious, 8 rings, (constrict 8),
inability to drink while threatened, inability to read while threatened
a: End Transformation, Renounce Religion


You were on level 9 of the Dungeon.
You worshipped Ru.
Ru was pleased with you.
You were hungry.
You were a creature of crystalline ice.
You visited 1 branch of the dungeon, and saw 9 of its levels.
You also visited: Ossuary.

You collected 557 gold pieces.

Inventory:

Hand Weapons
 a - a +1 hunting sling
 r - a +0 hunting sling
Missiles
 n - 30 bolts
 o - 218 stones (quivered)
 t - 179 arrows
 u - 24 sling bullets
Armour
 F - a +2 hat (melded)
Magical Staves
 x - an uncursed staff of power {unknown}
Jewellery
 j - a ring of stealth (left front paw)
Scrolls
 i - 4 scrolls of amnesia
 l - 3 scrolls of remove curse
 m - 2 scrolls of magic mapping
 q - a scroll of fog
 s - 2 scrolls of identify
 y - 2 scrolls of immolation
 D - 4 scrolls of teleportation
Potions
 d - 3 potions of flight
 e - 5 potions of curing
 g - 4 potions of lignification
 h - 3 potions of might
 k - a potion of cancellation {unknown}
 p - 4 potions of brilliance
 v - a potion of haste {unknown}
 A - 2 potions of invisibility
 C - 2 potions of mutation
 E - a potion of ambrosia {unknown}
Books
 b - a book of Changes

   Spells                             Type                      Level
   a - Beastly Appendage              Transmutation                1
   b - Sticks to Snakes               Transmutation                2
   c - Spider Form                    Transmutation/Poison         3
   d - Ice Form                       Ice/Transmutation            4
   e - Blade Hands                    Transmutation                5
 z - a book of Cantrips

   Spells                             Type                      Level
   a - Confusing Touch                Hexes                        1
   b - Animate Skeleton               Necromancy                   1
   c - Summon Small Mammal            Summoning                    1
   d - Apportation                    Translocation                1
Comestibles
 c - 12 bread rations
 f - 4 royal jellies
 w - 4 meat rations
 B - 4 chunks of flesh


   Skills:
 + Level 5.8 Fighting
 + Level 4.6 Dodging
 - Level 5.3 Stealth
 * Level 10.2 Unarmed Combat
 - Level 4.0 Spellcasting
 - Level 1.2 Necromancy
 + Level 9.0 Transmutations
 - Level 5.0 Ice Magic
 - Level 3.0 Poison Magic


You had 7 spell levels left.
You knew the following spells:

 Your Spells              Type           Power        Failure   Level  Hunger
a - Animate Skeleton      Necr           N/A          9%          1    None
b - Sticks to Snakes      Tmut           #####...     1%          2    ##.....
c - Spider Form           Tmut/Pois      ####......   3%          3    ###....
d - Ice Form              Ice/Tmut       ####....     9%          4    ####...
e - Beastly Appendage     Tmut           #####.       1%          1    None


Dungeon Overview and Level Annotations

Branches:
Dungeon (9/15)             Temple (0/1) D:7             Orc (0/2) D:9
   Lair: D:8-11

Altars:
Ashenzari
Elyvilon
Gozag
Nemelex Xobeh
Okawaru
Ru
Xom

Shops:
D:5 (

Annotations:
D:8 exclusions: downstairs and hydra


Innate Abilities, Weirdness & Mutations

You cannot wear most types of armour.
You are very stealthy in the water. (Stealth+)
You are amphibious.
You can wear up to eight rings at the same time.
((You can use your tentacles to constrict eight enemies at once.))
((Your skin changes colour to match your surroundings (Stealth+).))
((Your rubbery body absorbs attacks. (AC +1, EV +1)))
You cannot drink potions while threatened.
You cannot read scrolls while threatened.


Message History

* * * LOW HITPOINT WARNING * * *
Something hits you.
* * * LOW HITPOINT WARNING * * *
There is an open door here.
You see here a tomahawk.
Okay, then.
Unknown command.
Unknown command.
You are feeling hungry.
Something hits you!
* * * LOW HITPOINT WARNING * * *
You barely miss something. Something hits you but does no damage.
Something hits you!
* * * LOW HITPOINT WARNING * * *
There is an open door here.
You see here a tomahawk.
Casting: Ice Form
Confirm with . or Enter, or press ? or * to list all spells.
You create 2 snakes!
You now have 179 arrows.
Something hits you.
You die...

......#..# #...#....'.8.# #
#######..# #...'....#..)# #
.........# #...#....##.######
.).......# #...#..>.......#..
.........#######...#..........#..
#..................#..........#..
+.......#####......#..........#..
#.......'...#...####..........#..
#.......#...#(..Y.(...........'..
#.......#...#...#.............#..
###.....#...#..S#.S...........#..
#.....#...#...#.............#..
+.....##'##...######........#
###..................#########
...................... ..
...................... ..
...................... ######


You could see 2 friendly ball pythons.

Vanquished Creatures
  The ghost of Lookapuppie the Grappler, a novice TrFi of Okawaru (D:9)
  The ghost of killcat the Magician, an amateur MfSk (D:4)
  3 hippogriffs
  Sigmund (D:2)
  2 wyverns
  A steam dragon (D:7)
  Edmund (D:4)
  4 orc warriors
  3 sky beasts (D:7)
  A black bear (D:8)
  A phantom (D:9)
  3 ice beasts
  2 necrophages (D:6)
  4 ogres
  6 centaurs
  3 bullfrogs
  A gnoll sergeant (D:8)
  7 scorpions
  A wyvern skeleton (D:8)
  7 killer bees
  3 howler monkeys
  3 crimson imps
  2 centaur zombies
  2 hounds (D:4)
  2 bullfrog zombies
  A human zombie (Ossuary)
  2 jellies (D:9)
  5 orc priests
  12 orc wizards
  Natasha (thrice) (D:4)
  7 worker ants
  A killer bee zombie (D:9)
  A big kobold zombie (Ossuary)
  A hound zombie (D:9)
  3 hound skeletons
  2 mummies (Ossuary)
  Robin (D:4)
  2 worker ant zombies
  9 gnolls
  3 scorpion zombies (Ossuary)
  7 adders
  3 shadow imps
  An adder zombie (D:6)
  3 adder skeletons (D:4)
  2 worms
  3 dart slugs (D:1)
  3 leopard geckos
  58 orcs
  7 bats
  11 giant cockroaches
  A gnoll zombie (Ossuary)
  12 goblins
  12 hobgoblins
  14 jackals
  3 quokkas
  A ball python (D:3)
  A ball python skeleton (D:4)
  4 frilled lizards
  2 goblin zombies (Ossuary)
  A hobgoblin zombie (Ossuary)
  7 kobolds
  2 kobold zombies (Ossuary)
  A leopard gecko skeleton (D:4)
  3 orc zombies (Ossuary)
  11 rats
291 creatures vanquished.

Vanquished Creatures (collateral kills)
  Gastronok (D:9)
  2 ogres
  4 killer bees (D:8)
  A jelly (D:6)
  An orc wizard (D:7)
9 creatures vanquished.

Vanquished Creatures (others)
  A scorpion (Ossuary)
  A mummy (Ossuary)
2 creatures vanquished.

Grand Total: 302 creatures vanquished

Notes
Turn   | Place    | Note
-------+----------+-------------------------------------------
     0 | D:1      | aurelian the Octopode Transmuter began the quest for the Orb.
     0 | D:1      | Reached XP level 1. HP: 13/13 MP: 3/3
   457 | D:1      | Reached XP level 2. HP: 18/18 MP: 3/5
   461 | D:1      | Learned a level 2 spell: Sticks to Snakes
  1479 | D:1      | Reached XP level 3. HP: 23/23 MP: 4/6
  1553 | D:2      | Noticed Sigmund
  1646 | D:1      | Learned a level 3 spell: Spider Form
  2351 | D:2      | Reached skill level 1 in Poison Magic
  2579 | D:2      | Killed Sigmund
  2579 | D:2      | Reached skill level 4 in Unarmed Combat
  2579 | D:2      | Reached XP level 4. HP: 11/28 MP: 0/7
  2579 | D:2      | Reached XP level 5. HP: 13/33 MP: 0/8
  2951 | D:3      | Found a white marble altar of Elyvilon.
  3346 | D:3      | Reached XP level 6. HP: 24/38 MP: 7/9
  4165 | D:4      | Noticed killcat's ghost (amateur MfSk)
  4189 | D:4      | Killed killcat's ghost
  4189 | D:4      | Reached skill level 5 in Unarmed Combat
  4189 | D:4      | Reached skill level 5 in Transmutations
  4189 | D:4      | Reached XP level 7. HP: 12/43 MP: 3/10
  4409 | D:3      | Learned a level 4 spell: Ice Form
  4463 | D:4      | Noticed Natasha
  4470 | D:4      | Killed Natasha
  4584 | D:4      | Found a shadowy altar of Dithmenos.
  4586 | D:4      | Found an ornate altar of the Wu Jian Council.
  4586 | D:4      | Found a shattered altar of Ashenzari.
  4588 | D:4      | Found a white marble altar of Elyvilon.
  4588 | D:4      | Found a glowing golden altar of the Shining One.
  4588 | D:4      | Found a shimmering altar of Xom.
  4622 | D:4      | Found a sacrificial altar of Ru.
  4630 | D:4      | Became a worshipper of Ru the Awakened
  4631 | D:4      | Noticed Natasha
  4640 | D:4      | Killed Natasha
  4640 | D:4      | Reached skill level 1 in Ice Magic
  4736 | D:4      | Noticed Natasha
  4744 | D:4      | Killed Natasha
  4754 | D:4      | Reached skill level 6 in Unarmed Combat
  5016 | D:4      | Noticed Edmund
  5035 | D:4      | Killed Edmund
  5035 | D:4      | Reached XP level 8. HP: 27/48 MP: 9/11
  5326 | D:4      | Noticed Robin
  5349 | D:4      | Killed Robin
  5942 | D:5      | Entered Level 5 of the Dungeon
  6436 | D:5      | You fall through a shaft for 2 floors!
  6443 | D:7      | Reached skill level 7 in Unarmed Combat
  6650 | D:6      | Gained mutation: You cannot read scrolls while threatened. [Ru sacrifice]
  6650 | D:6      | Reached * piety under Ru
  6997 | D:5      | Found Rimnere's Weapon Boutique.
  7804 | D:6      | Reached XP level 9. HP: 44/53 MP: 8/12
  8097 | D:6      | Learned a level 1 spell: Animate Skeleton
  8401 | D:6      | Reached skill level 5 in Ice Magic
  8648 | D:7      | Reached skill level 1 in Stealth
  8883 | D:7      | Reached skill level 1 in Necromancy
  9160 | D:7      | Found a staircase to the Ecumenical Temple.
  9539 | D:7      | Reached skill level 8 in Unarmed Combat
 10134 | D:7      | Gained mutation: You cannot drink potions while threatened. [Ru sacrifice]
 10134 | D:7      | Reached ** piety under Ru
 10559 | D:8      | Reached XP level 10. HP: 63/63 MP: 8/15
 10598 | D:8      | Found a sparkling altar of Nemelex Xobeh.
 10611 | D:8      | Found a sand-covered staircase.
 10626 | Ossuary  | Entered an ossuary
 10861 | Ossuary  | Reached skill level 5 in Stealth
 12249 | D:8      | Found an iron altar of Okawaru.
 12249 | D:8      | Found an opulent altar of Gozag.
 12250 | D:8      | Found a shattered altar of Ashenzari.
 12511 | D:8      | Noticed a seven-headed hydra
 13204 | D:8      | Reached skill level 9 in Unarmed Combat
 13659 | D:9      | Noticed Gastronok
 14091 | D:9      | Noticed Lookapuppie's ghost (novice TrFi)
 14121 | D:9      | Killed Lookapuppie's ghost
 14121 | D:9      | Reached skill level 5 in Fighting
 14459 | D:9      | Killed Gastronok
 14459 | D:9      | Reached skill level 10 in Unarmed Combat
 14459 | D:9      | Reached XP level 11. HP: 51/72 MP: 8/17
 15122 | D:9      | Found a staircase to the Orcish Mines.
 15217 | D:9      | HP: 2/86 [something (10)]
 15218 | D:9      | Slain by an unseen horror

Vault maps used:
D:1:      roderic_dead_forest
D:2:      first_bread, uniq_sigmund
D:3:      elyvilon_altar_5
D:4:      doesnt_xom_only_xom, nicolae_ru_sacrificial_ziggurat, uniq_natasha,
          uniq_robin, uniq_edmund
D:5:      serial_shops, kennysheep_mini
D:7:      minmay_temple_entry_metal_lava
D:8:      nemelex_xobeh_ov_fountains_minmay, lemuel_zombie_altar_yredelemnul,
          gammafunk_temple_overflow_claw, nicolae_ossuary_entry_monument
D:9:      hiddenorc2_lemuel, uniq_gastronok
Ossuary:  ossuary_minmay_scorpions

Skill      XL: |  1  2  3  4  5  6  7  8  9 10 11 |
---------------+----------------------------------+-----
Poison Magic   | 2 3 |  3.0
Unarmed Combat | 4 5 6 7 8 10 | 10.2
Transmutations | 3 4 5 6 7 8 9 |  9.0
Ice Magic      | 2 4 5 |  5.0
Stealth        | 4 5 |  5.3
Necromancy     | 1 |  1.2
Fighting       | 3 5 |  5.8
Spellcasting   | 3 4 |  4.0
Dodging        | 4 |  4.6

Action                   |  1- 3 |  4- 6 |  7- 9 | 10-12 || total
-------------------------+-------+-------+-------+-------++-------
Melee: Unarmed           |    87 |   124 |   384 |   323 ||   918
       Kick              |    20 |     3 |       |       ||    23
       Constrict         |    25 |     4 |     2 |     1 ||    32
       Tentacles         |    10 |     1 |     1 |     4 ||    16
       Punch             |     1 |       |       |       ||     1
 Cast: Beastly Appendage |    30 |     4 |     1 |       ||    35
       Sticks to Snakes  |     3 |     1 |    25 |    25 ||    54
       Spider Form       |     1 |    21 |    63 |    17 ||   102
       Ice Form          |       |       |     3 |    19 ||    22
Invok: Sacrifice Words   |       |       |     1 |       ||     1
       Sacrifice Drink   |       |       |     1 |       ||     1
       Reject Sacrifices |       |       |       |     1 ||     1
  Use: Scroll            |       |       |    11 |     9 ||    20
       Potion            |       |       |     2 |       ||     2
 Stab: Sleeping          |     3 |     3 |     5 |     7 ||    18
       Distracted        |       |       |       |     2 ||     2
       Invisible         |       |       |       |     1 ||     1
  Eat: Chunk             |     6 |     8 |    25 |    14 ||    53
       Fruit             |       |       |     4 |     1 ||     5
       Royal jelly       |       |       |     1 |     3 ||     4
Armor: Skin              |     9 |     4 |    18 |    37 ||    68
Dodge: Dodged            |    52 |    83 |   240 |   160 ||   535
